 Dungeon Crawl Stone Soup version 0.23.2-1-ga50397a (webtiles) character file.

Game seed: 14471631716669216060

1096 Wander the Archer (level 8, -5/60 HPs)
             Began as a Human Wanderer on Apr 30, 2019.
             Was a Follower of Okawaru.
             Slain by an orc warrior
             ... wielding a +0 glaive
              (14 damage)
             ... on level 6 of the Dungeon.
             The game lasted 00:10:02 (4062 turns).

Wander the Archer (Human Wanderer)                  Turns: 4062, Time: 00:10:04

Health: -5/60      AC:  7    Str: 21    XL:     8   Next: 57%
Magic:  8/8        EV: 11    Int: 17    God:    Okawaru [*.....]
Gold:   198        SH:  0    Dex: 11    Spells: 7/7 levels left

rFire    . . .     SeeInvis .   a - +6 war axe "Tiam Veg" {chop, Str+4 Int+5}
rCold    + + .     Gourm    .   (no shield)
rNeg     . . .     Faith    .   E - +2 robe {rC+}
rPois    .         Spirit   .   o - +0 helmet
rElec    .         Reflect  .   (no cloak)
rCorr    .         Harm     .   (no gloves)
MR       .....                  z - +0 pair of boots
Stlth    ++........             (no amulet)
HPRegen  0.20/turn              g - +1 ring of protection
MPRegen  0.11/turn              C - ring of protection from cold

@: no status effects
A: no striking features
a: Heroism, Renounce Religion


You were on level 6 of the Dungeon.
You worshipped Okawaru.
Okawaru was aware of your devotion.
You were very hungry.

You visited 1 branch of the dungeon, and saw 6 of its levels.

You collected 198 gold pieces.

Inventory:

Hand Weapons
 a - the +6 war axe "Tiam Veg" (weapon) {chop, Str+4 Int+5}
   (You found it on level 4 of the Dungeon)

   It inflicts extra damage upon your enemies.
   It affects your strength (+4).
   It affects your intelligence (+5).
 b - a +2 shortbow
 e - a +0 dagger
Missiles
 y - 79 arrows
Armour
 c - a +0 ring mail
 o - a +0 helmet (worn)
 v - a +0 chain mail
 z - a +0 pair of boots (worn)
 E - a +2 robe of cold resistance (worn)
Jewellery
 g - a +1 ring of protection (left hand)
 w - an uncursed ring of ice
 A - an uncursed ring of fire
 C - a ring of protection from cold (right hand)
Wands
 x - a wand of paralysis (8)
 G - a wand of digging (6)
Scrolls
 i - a scroll of amnesia {unknown}
 m - 3 scrolls of teleportation {unknown}
 n - 5 scrolls of remove curse {unknown}
 p - 2 scrolls of blinking {unknown}
 q - 7 scrolls of identify {unknown}
 r - a scroll of noise {unknown}
 s - 3 scrolls of enchant armour {unknown}
 t - 2 scrolls of random uselessness {unknown}
 u - a scroll of fear {unknown}
 F - a scroll of enchant weapon {unknown}
 J - 3 scrolls of holy word {unknown}
 K - a scroll of magic mapping {unknown}
Potions
 d - 2 potions of lignification
 h - a potion of agility {unknown}
 j - 2 potions of heal wounds
 k - a potion of resistance {unknown}
 l - 3 potions of curing {unknown}
 B - a potion of might {unknown}
 D - 2 potions of brilliance {unknown}
 H - a potion of haste {unknown}
 I - a potion of invisibility {unknown}
Comestibles
 f - 7 rations


   Skills:
 - Level 4.0 Fighting
 * Level 5.4 Axes
 - Level 8.0 Bows
 - Level 2.0 Armour
 - Level 2.0 Stealth


You had 7 spell levels left.
You didn't know any spells.
Your spell library contained the following spells:

 Spells                   Type           Power        Failure   Level  Hunger
 Beastly Appendage        Tmut           #.....       24%         1    ##.....
 Corona                   Hex            #......      24%         1    ##.....
 Ensorcelled Hibernation  Hex/Ice        #.....       34%         2    ###....
 Sticks to Snakes         Tmut           #.......     34%         2    ###....
 Confuse                  Hex            #.......     56%         3    ####...
 Dazzling Spray           Conj/Hex       #.....       56%         3    ####...
 Spider Form              Tmut/Pois      #.........   56%         3    ####...
 Tukima's Dance           Hex            #.......     56%         3    ####...
 Ice Form                 Ice/Tmut       #.......     93%         4    #####..
 Blade Hands              Tmut           #.........   100%        5    ######.


Dungeon Overview and Level Annotations

Branches:
Dungeon (6/15)             Temple (0/1) D:4

Altars:
Cheibriados
Fedhas
Gozag
Hepliaklqana
Okawaru
Sif Muna
Uskayaw


Message History

There is a stone staircase leading down here.
You start resting.
You are feeling very hungry.
You start resting.
HP restored.
You climb downwards.
The orc warrior hits you with a +0 glaive!
The orc warrior hits you with a +0 glaive!!
There is a stone staircase leading up, spattered with blood here.
You closely miss the orc warrior. You barely miss the orc.
The orc hits you but does no damage.
The orc warrior hits you from afar with a +0 glaive!
* * * LOW HITPOINT WARNING * * *
You closely miss the orc. The orc hits you but does no damage.
The orc warrior closely misses you. The orc barely misses you.
You slash the orc!
You kill the orc!
Okawaru accepts your kill.
The orc warrior hits you from afar with a +0 glaive!
You die...

#.# #.# #.# #.# #o# #.#
#o# #.# #o# #. #.#
#########.####
#..#####............#
#.....@oo##.#######.#
##.#####.##.#######.###
#...............
#.#....#####.###
#.#........#.#
#.#.#...##.#.###
####.#......#...... #
##.#.#.#.#...)...###
#.##............#####


You could see an orc warrior and an orc.

Vanquished Creatures
  Grinder (D:3)
  2 orc warriors
  2 phantoms
  An ogre (D:3)
  An orc priest (D:4)
  4 orc wizards
  Terence (D:3)
  A worker ant (D:4)
  A hound skeleton (D:6)
  Robin (D:2)
  A howler monkey zombie (D:4)
  4 adders
  3 gnolls (D:4)
  A shadow imp (D:6)
  2 oozes (D:1)
  An adder zombie (D:5)
  A worm (D:2)
  3 dart slugs
  4 leopard geckos
  12 orcs
  3 ball pythons
  10 bats
  2 giant cockroaches
  15 goblins
  14 hobgoblins
  14 jackals
  2 quokkas (D:2)
  2 frilled lizards (D:2)
  7 kobolds
  2 quokka skeletons (D:4)
  A rat (D:2)
119 creatures vanquished.

Notes
Turn   | Place    | Note
-------+----------+-------------------------------------------
     0 | D:1      | Wander the Human Wanderer began the quest for the Orb.
     0 | D:1      | Wander set off with the following items: a +2 shortbow, 25
                  | arrows, a +0 ring mail, a potion of lignification, a +0
                  | dagger, a ration
     0 | D:1      | Reached XP level 1. HP: 19/19 MP: 1/1
    34 | D:1      | Reached XP level 2. HP: 19/25 MP: 2/2
    62 | D:1      | Reached skill level 3 in Bows
   187 | D:1      | Reached XP level 3. HP: 30/30 MP: 3/3
   885 | D:2      | Noticed Robin
   887 | D:2      | Reached skill level 4 in Bows
   887 | D:2      | Reached XP level 4. HP: 37/37 MP: 4/4
   911 | D:2      | Killed Robin
  1157 | D:2      | Found a faded altar of an unknown god.
  1439 | D:2      | Reached XP level 5. HP: 42/42 MP: 5/5
  1511 | D:2      | Reached skill level 5 in Bows
  1591 | D:2      | Found a snail-covered altar of Cheibriados.
  1592 | D:2      | Found an iron altar of Okawaru.
  1596 | D:2      | Became a worshipper of Warmaster Okawaru
  1988 | D:3      | Noticed an ogre
  1989 | D:3      | Noticed Grinder
  1998 | D:3      | HP: 1/42 [Grinder/nerve-wracking pain (10)]
  2005 | D:3      | Killed an ogre
  2005 | D:3      | Reached skill level 6 in Bows
  2005 | D:3      | Reached XP level 6. HP: 34/48 MP: 6/6
  2013 | D:3      | Paralysed by Grinder for 4 turns
  2027 | D:3      | Paralysed by Grinder for 4 turns
  2037 | D:3      | Killed Grinder
  2037 | D:3      | Reached * piety under Okawaru
  2037 | D:3      | Reached skill level 7 in Bows
  2037 | D:3      | Reached XP level 7. HP: 32/54 MP: 7/7
  2472 | D:3      | Noticed Terence
  2483 | D:3      | Killed Terence
  2567 | D:4      | Found an opulent altar of Gozag.
  2645 | D:4      | Reached skill level 8 in Bows
  2715 | D:4      | Got a scorched war axe
  2716 | D:4      | Identified the +6 war axe "Tiam Veg" {chop, Str+4 Int+5}
                  | (You found it on level 4 of the Dungeon)
  2788 | D:4      | Reached XP level 8. HP: 45/60 MP: 8/8
  2838 | D:4      | Found a staircase to the Ecumenical Temple.
  2975 | D:4      | Found a deep blue altar of Sif Muna.
  3114 | D:5      | Entered Level 5 of the Dungeon
  3114 | D:5      | Found a blossoming altar of Fedhas.
  3114 | D:5      | Found a hazy altar of Hepliaklqana.
  3114 | D:5      | Found a hide-covered altar of Uskayaw.
  3777 | D:6      | Reached skill level 5 in Axes
  4062 | D:6      | Slain by an orc warrior

Skill      XL: |  1  2  3  4  5  6  7  8 |
---------------+-------------------------+-----
Bows           | 3 4 6 7 8 |  8.0
Axes           | 2 5 |  5.4
Fighting       | |  4.0
Armour         | |  2.0
Stealth        | |  2.0

Action                   |  1- 3 |  4- 6 |  7- 9 || total
-------------------------+-------+-------+-------++-------
Melee: Unarmed           |       |     1 |       ||     1
       War axe           |       |       |    61 ||    61
 Fire: Shortbow          |    64 |   162 |    78 ||   304
  Use: Potion            |       |     2 |       ||     2
  Eat: Chunk             |       |     3 |     5 ||     8
Armor: Ring mail         |    11 |    47 |     3 ||    61
       Skin              |       |    13 |       ||    13
       Chain mail        |       |       |    21 ||    21
       Robe              |       |       |     8 ||     8
Dodge: Dodged            |    15 |    49 |    27 ||    91
